 Dungeon Crawl Stone Soup version 0.30-a0-737-gf23d94013f (webtiles) character file.

Game seed: 15343045198479778960

1101 avis the Skirmisher (level 7, -12/59 HPs)
             Began as a Demigod Hunter on Feb 2, 2023.
             Mangled by a two-headed ogre
             ... wielding a +0 giant club
              (21 damage)
             ... on level 5 of the Dungeon on Feb 3, 2023.
             The game lasted 00:32:11 (5378 turns).

avis the Skirmisher (Demigod Hunter)                Turns: 5378, Time: 00:32:12

Health: -12/59     AC:  4    Str: 12    XL:     7   Next: 85%
Magic:  9/9        EV: 14    Int: 17    God:
Gold:   119        SH:  0    Dex: 25    Spells: 3/6 levels left

rFire   . . .      SeeInvis .    a - +0 shortbow
rCold   . . .      Faith    .    (shield currently unavailable)
rNeg    . . .      Spirit   .    c - +0 leather armour
rPois   .          Reflect  .    r - +0 helmet
rElec   .          Harm     .    (no cloak)
rCorr   .          Rampage  .    (no gloves)
Will    +....                    (no boots)
Stlth   ++                       (no amulet)
HPRegen 0.29/turn                F - ring of willpower
MPRegen 0.11/turn                L - +6 ring of intelligence

@: no status effects
A: high MP 1, forlorn, divine attributes
a: no special abilities


You were on level 5 of the Dungeon.
You visited 1 branch of the dungeon, and saw 6 of its levels.

You collected 263 gold pieces.
You spent 144 gold pieces at shops.

Inventory:

Hand Weapons
 a - a +0 shortbow (weapon)
 b - a +1 long sword of protection
 l - a +0 short sword
 s - a +0 sling
 E - the +5 rapier of Casm {flame, Fragile +Blink rC- Int+8}
   (You bought it in a shop on level 1 of the Dungeon)

   Int:       It affects your intelligence (+8).
   rC:        It makes you vulnerable to cold.
   +Blink:    It lets you blink.
   Fragile:   It will be destroyed if unequipped.
Missiles
 m - 2 poisoned darts
 x - 3 silver boomerangs
 A - 2 throwing nets
Armour
 c - a +0 leather armour (worn)
 r - a +0 helmet (worn)
Jewellery
 F - a ring of willpower (left hand)
 L - a +6 ring of intelligence (right hand)
Wands
 B - a wand of mindburst (38)
 G - a wand of light (8)
 H - a wand of roots (12)
Scrolls
 f - a scroll of immolation
 h - a scroll of noise
 i - a scroll of vulnerability {unknown}
 j - a scroll of enchant weapon {unknown}
 o - a scroll of amnesia {unknown}
 t - a scroll of magic mapping {unknown}
 u - a scroll of silence {unknown}
 v - 2 scrolls of fog
 w - a scroll of blinking {unknown}
 y - a scroll of torment {unknown}
 C - a scroll of acquirement {unknown}
 I - a scroll of brand weapon {unknown}
 J - a scroll of teleportation {unknown}
 K - a scroll of identify {unknown}
Potions
 d - 2 potions of attraction {unknown}
 e - 2 potions of magic {unknown}
 g - 2 potions of haste {unknown}
 k - 2 potions of degeneration {unknown}
 n - a potion of berserk rage {unknown}
 p - 2 potions of heal wounds {unknown}
 q - 3 potions of curing {unknown}
 z - a potion of mutation {unknown}
 D - a potion of brilliance {unknown}
 M - a potion of lignification {unknown}


   Skills:
 - Level 4.0 Fighting
 - Level 8.0 Ranged Weapons
 * Level 4.0 Dodging
 - Level 1.0 Stealth


You had 3 spell levels left.
You knew the following spells:

 Your Spells              Type           Power      Damage    Failure   Level
o - Teleport Other        Tloc           0%         N/A       65%         3

Your spell library contained the following spells:

 Spells                   Type           Power      Damage    Failure   Level
 Kiss of Death            Conj/Necr      0%         2d5       30%         1
 Lesser Beckoning         Tloc           0%         N/A       41%         2
 Confusing Touch          Hex            0%         N/A       65%         3
 Dazzling Flash           Conj/Hex       0%         N/A       65%         3
 Gell's Gravitas          Tloc           0%         N/A       65%         3
 Dispel Undead            Necr           0%         3d6       96%         4
 Iskenderun's Mystic Bla  Conj/Tloc      0%         2d3       96%         4
 Freezing Cloud           Conj/Ice/Air   0%         6-21      100%        5
 Simulacrum               Ice/Necr       0%         N/A       100%        6
 Starburst                Conj/Fire      0%         6d3       100%        6
 Polar Vortex             Ice            0%         N/A       100%        9


Dungeon Overview and Level Annotations

Branches:
Dungeon (6/15)
 Temple: D:4-7

Shops:
D:1 (   D:4 *=

Annotations:
D:4 3 Sif Muna spellbooks in glass case.


Innate Abilities, Weirdness & Mutations

You have an increased reservoir of magic. (+10% MP)
You shall have no god before yourself.
Your divine heritage dramatically boosts your attributes as you level up.


Message History

The two-headed ogre is moderately wounded.
Fire: a) +0 shortbow
Press: ? - help, Q - select action, (/) - cycle Shift-Dir - straight line, f/p - two-headed ogre
Aim: a two-headed ogre, wielding a +0 giant club and a +0 giant spiked club (moderately wounded, 81% to hit)
You shoot an arrow.
The arrow hits the two-headed ogre but does no damage.
The two-headed ogre is moderately wounded.
Fire: a) +0 shortbow
Press: ? - help, Q - select action, (/) - cycle Shift-Dir - straight line, f/p - two-headed ogre
Aim: a two-headed ogre, wielding a +0 giant club and a +0 giant spiked club (moderately wounded, 81% to hit)
You shoot an arrow. The arrow hits the two-headed ogre!
The two-headed ogre is heavily wounded.
Fire: a) +0 shortbow
Press: ? - help, Q - select action, (/) - cycle Shift-Dir - straight line, f/p - two-headed ogre
Aim: a two-headed ogre, wielding a +0 giant club and a +0 giant spiked club (heavily wounded, 81% to hit)
You shoot an arrow.
The arrow hits the two-headed ogre but does no damage.
The two-headed ogre is heavily wounded.
Fire: a) +0 shortbow
Press: ? - help, Q - select action, (/) - cycle Shift-Dir - straight line, f/p - two-headed ogre
Aim: a two-headed ogre, wielding a +0 giant club and a +0 giant spiked club (heavily wounded, 81% to hit)
You shoot an arrow.
The arrow hits the two-headed ogre but does no damage.
The two-headed ogre is heavily wounded.
Fire: a) +0 shortbow
Press: ? - help, Q - select action, (/) - cycle Shift-Dir - straight line, f/p - two-headed ogre
Aim: a two-headed ogre, wielding a +0 giant club and a +0 giant spiked club (heavily wounded, 81% to hit)
You shoot an arrow. The arrow hits the two-headed ogre!
The two-headed ogre is severely wounded.
The two-headed ogre hits you with a +0 giant club!
The two-headed ogre hits you with a +0 giant spiked club!
Fire: a) +0 shortbow
Press: ? - help, Q - select action, (/) - cycle Shift-Dir - straight line, f/p - two-headed ogre
Aim: a two-headed ogre, wielding a +0 giant club and a +0 giant spiked club (severely wounded, 81% to hit)
You shoot an arrow. The arrow hits the two-headed ogre.
The two-headed ogre is severely wounded.
The two-headed ogre hits you with a +0 giant club!!
* * * LOW HITPOINT WARNING * * *
The two-headed ogre hits you with a +0 giant spiked club!!
You die...

##...##...# #........#
#8...8#..########......[#
#...##..##....##......##
##.###................##
##.#.#.................#
#......................#
##.#.#.................#
##.###.O....)..........#
#...##.@......)........#
#8...8#.[##[...)>........
##...##..##....[.)..#.#.#
###_##...................
#.###...............#....
#...#..........##......>.
#..)#..........##...#....
#...#######.....#........
#...##..(##.....#...#....


You could see a two-headed ogre.

Vanquished Creatures
  An ice beast (D:5)
  An ogre (D:4)
  A necrophage (D:4)
  3 scorpions
  2 howler monkeys (D:5)
  2 hounds (D:4)
  3 jellies
  An orc priest (D:3)
  A gnoll bouda (D:5)
  2 iguanas
  An orc wizard (D:5)
  Ijyb (D:4)
  Robin (D:2)
  4 gnolls
  12 adders
  A shadow imp (D:4)
  3 worms
  3 dart slugs
  9 orcs
  15 endoplasms
  4 giant cockroaches
  9 goblins
  10 hobgoblins
  2 jackals (D:1)
  2 quokkas
  12 ball pythons
  9 bats
  4 frilled lizards
  5 kobolds
  6 rats
130 creatures vanquished.

Notes
Turn   | Place    | Note
-------+----------+-------------------------------------------
     0 | D:1      | avis the Demigod Hunter began the quest for the Orb.
     0 | D:1      | Reached XP level 1. HP: 17/17 MP: 3/3
   121 | D:1      | Reached skill level 4 in Ranged Weapons
   147 | D:1      | Reached XP level 2. HP: 24/24 MP: 4/4
   208 | D:1      | Reached skill level 1 in Stealth
   262 | D:1      | Found Duep's Antique Weapon Shop.
   704 | D:1      | Reached XP level 3. HP: 30/30 MP: 5/5
  1240 | D:2      | Reached XP level 4. HP: 38/38 MP: 6/6
  1250 | D:2      | Noticed Robin
  1256 | D:2      | Killed Robin
  1723 | D:3      | Reached skill level 5 in Ranged Weapons
  1919 | D:3      | Noticed a +0 hand axe
  1920 | D:3      | Reached XP level 5. HP: 45/45 MP: 7/7
  1939 | D:3      | Noticed a +0 hand axe
  2355 | D:1      | Bought a twisted rapier for 144 gold pieces
  2355 | D:1      | Identified the +5 rapier of Casm {flame, Fragile +Blink rC-
                  | Int+8} (You bought it in a shop on level 1 of the Dungeon)
  2751 | D:4      | Reached skill level 6 in Ranged Weapons
  2930 | D:4      | Reached XP level 6. HP: 47/51 MP: 8/8
  3017 | D:4      | Found Xudd's Jewellery Boutique.
  3019 | D:4      | Found Hosal's Assorted Antiques.
  3205 | D:4      | Noticed Ijyb
  3210 | D:4      | Killed Ijyb
  3929 | D:5      | Entered Level 5 of the Dungeon
  3934 | D:5      | Learned a level 3 spell: Teleport Other
  4132 | D:5      | Reached XP level 7. HP: 25/59 MP: 9/9
  4144 | D:5      | Reached skill level 7 in Ranged Weapons
  4530 | D:5      | Reached skill level 8 in Ranged Weapons
  4977 | D:6      | Noticed a two-headed ogre
  5378 | D:5      | Mangled by a two-headed ogre

Illustrated notes

Levels and vault maps discovered:
D:1:      evilmike_arrival_crescent, layout_loops_ring,
          chequers_ecumenical_altar_island, serial_shops, nicolae_shop_crystal,
          kennysheep_doodads
D:2:      layout_rooms, grunt_decor_resistance, uniq_robin
D:3:      layout_basic, dancing_weapons_uskayaw, mainiacjoe_overflow_24_doors,
          nicolae_overflow_hidden_temple
D:4:      layout_basic, nicolae_sif_muna_little_library,
          nicolae_wooded_promenade, uniq_ijyb
D:5:      layout_gridville, amethyst_overflow_temple_binary, zin_statuary,
          st_stairs_4
D:6:      layout_loops_ring

Skill      XL: |  1  2  3  4  5  6  7 |
---------------+----------------------+-----
Fighting       | 2 3 4 |  4.0
Ranged Weapons | 4 5 6 8 |  8.0
Dodging        | 2 3 4 |  4.0
Stealth        | 1 |  1.0

Action                     |  1- 3 |  4- 6 |  7- 9 || total
---------------------------+-------+-------+-------++-------
  Melee: Long sword        |       |    36 |       ||    36
         Punch             |       |     1 |       ||     1
   Fire: Shortbow          |   112 |   154 |   112 ||   378
  Evoke: Wand              |       |     1 |       ||     1
    Use: Scroll            |       |     1 |     1 ||     2
 Armour: Leather armour    |    14 |    23 |    15 ||    52
  Dodge: Dodged            |    35 |    40 |    60 ||   135

Table legend: (Time is in decaauts)
 A = Elapsed time spent in this place.
 B = Non-inter-level travel time spent in this place.
 C = Inter-level travel time spent in this place.
 D = Time resting spent in this place.
 E = Time spent auto-exploring this place.
 F = Levels seen in this place.
 G = Mean time per level.
                   A        B        C        D        E       F      G
               +--------+--------+--------+--------+--------+-----+--------+
         Total |   5495 |   4873 |    622 |   1302 |   2328 |   6 |  915.8 |
       Dungeon |   5495 |   4873 |    622 |   1302 |   2328 |   6 |  915.8 |
               +--------+--------+--------+--------+--------+-----+--------+

Top non-repeatable levels by time:
     D:4: 1538 daAuts
     D:5: 1145 daAuts
     D:3: 1023 daAuts
     D:1: 960 daAuts
     D:2: 798 daAuts
     D:6: 29 daAuts
